 Dungeon Crawl Stone Soup version 0.26.1-11-gd32895ea62 (webtiles) character file.

Game seed: 13502610182372305280

35 vvl the Ruffian (level 3, -7/28 HPs)
             Began as a Draconian Transmuter on July 7, 2021.
             Mangled by a gnoll
             ... wielding a +0 whip
              (9 damage)
             ... on level 4 of the Dungeon.
             The game lasted 00:03:33 (1439 turns).

vvl the Ruffian (Draconian Transmuter)              Turns: 1439, Time: 00:03:34

Health: -7/28      AC:  5    Str: 13    XL:     3   Next: 17%
Magic:  5/6        EV: 15    Int: 13    God:
Gold:   151        SH:  3    Dex: 11    Spells: 5/6 levels left

rFire    . . .     SeeInvis .   j - -3 mace (curse)
rCold    . . .     Faith    .   b - +0 buckler
rNeg     . . .     Spirit   .   (armour unavailable)
rPois    .         Reflect  .   (helmet currently unavailable)
rElec    .         Harm     .   (no cloak)
rCorr    .         Rampage  .   (no gloves)
Will     .....                  (boots currently unavailable)
Stlth    +.........             (no amulet)
HPRegen  0.09/turn              c - +4 ring of evasion
MPRegen  0.10/turn              (no ring)

@: appendages
A: unfitting armour, horns 2, talons 2, cold-blooded, AC +5
a: End Transformation


You were on level 4 of the Dungeon.
You had grown temporary horns.
You had grown temporary talons.
You visited 1 branch of the dungeon, and saw 4 of its levels.

You collected 151 gold pieces.

Inventory:

Hand Weapons
 j - a cursed -3 mace (weapon)
Armour
 a - a cursed +0 pair of boots (melded)
 b - a +0 buckler (worn)
Jewellery
 c - a +4 ring of evasion (left hand)
Scrolls
 e - a scroll of immolation {unknown}
 g - a scroll of identify {unknown}
 h - a scroll of enchant armour {unknown}
 i - a scroll of fear {unknown}
Potions
 f - 2 potions of curing {unknown}


   Skills:
 + Level 1.5 Fighting
 + Level 2.0 Dodging
 + Level 0.5 Shields
 * Level 3.3 Unarmed Combat
 + Level 2.2 Spellcasting
 * Level 2.5 Transmutations


You had 5 spell levels left.
You knew the following spells:

 Your Spells              Type           Power        Failure   Level
a - Beastly Appendage     Tmut           16%          14%         1

Your spell library contained the following spells:

 Spells                   Type           Power        Failure   Level
 Wereblood                Tmut           8%           22%         2
 Spider Form              Tmut/Pois      2%           56%         3
 Ice Form                 Ice/Tmut       4%           93%         4
 Blade Hands              Tmut           4%           98%         5


Dungeon Overview and Level Annotations

Branches:
Dungeon (4/15)
 Temple: D:4-7

Altars:


Innate Abilities, Weirdness & Mutations

Your plain brown scales are hard. (AC +5)
You cannot fit into any form of body armour.
You are cold-blooded and may be slowed by cold attacks.
You have a pair of horns on your head.
You have razor-sharp toenails.


Message History

The orc throws a boomerang.
The boomerang closely misses you.
The weapon returns to the orc!
There is a stone staircase leading down here.
You block the gnoll's attack.
The orc throws a boomerang.
The boomerang misses you.
The weapon returns to the orc!
You climb downwards.
There is a stone staircase leading up here.
Casting: Beastly Appendage (safe; 14% risk of failure)
Confirm with . or Enter, or press ? or * to list all spells.
You grow a pair of large bovine horns.
Your feet morph into talons.
Your cursed +0 pair of boots melds into your body.
The gnoll closely misses you.
You barely miss the gnoll. You claw the gnoll.
The gnoll is moderately wounded.
The gnoll hits you with a +0 whip.
* * * LOW HITPOINT WARNING * * *
You hit the gnoll but do no damage.
The gnoll is moderately wounded.
The gnoll hits you with a +0 whip!
You die...

....
#...##
#....#
#..#.#
#....
...#
#g.#
#@.#
##.#
##


You could see a gnoll.

Vanquished Creatures
  2 dart slugs
  2 leopard geckos
  9 goblins
  3 hobgoblins
  A kobold (D:1)
  A bat (D:2)
  5 frilled lizards
  7 rats
30 creatures vanquished.

Notes
Turn   | Place    | Note
-------+----------+-------------------------------------------
     0 | D:1      | vvl the Draconian Transmuter began the quest for the Orb.
     0 | D:1      | Reached XP level 1. HP: 16/16 MP: 3/3
   287 | D:1      | Reached XP level 2. HP: 23/23 MP: 3/5
  1295 | D:2      | Reached XP level 3. HP: 22/28 MP: 4/6
  1439 | D:4      | Mangled by a gnoll

Illustrated notes

Levels and vault maps discovered:
D:1:      shiori_arrival_elements, layout_basic, grunt_decor_arrowhead
D:2:      layout_loops_ring, minmay_hedge_maze
D:3:      layout_basic, lemuel_doored_altar
D:4:      layout_cave_pods, minmay_temple_entry_proselytizer

Skill      XL: |  1  2 |
---------------+-------+-----
Dodging        | 2 |  2.0
Fighting       | |  1.5
Shields        | |  0.5
Unarmed Combat | |  3.3
Spellcasting   | |  2.2
Transmutations | |  2.5

Action                   || total
-------------------------++-------
Melee: Unarmed           ||    47
       Tailslap          ||     8
       Mace              ||    38
       Kick              ||     8
       Headbutt          ||     4
 Cast: Beastly Appendage ||    15
 Stab: Sleeping          ||     2
Armor: Skin              ||    20
Dodge: Dodged            ||    61
Block: Buckler           ||    11
